[Event "Schack-SM 2023: Junior-SM"]
[Site "Helsingborg Arena, Mellersta Stenbocksgatan 14, Helsingborg, Sweden"]
[Date "2023.07.09"]
[Round "9.2"]
[White "Joensson, Oscar"]
[Black "Ostlund, Joar"]
[Result "0-1"]
[TimeControl "90 minutes for 40 moves + 30 minutes for the rest of the game + 30 seconds per move from move one."]
[BlackTitle "CM"]
[WhiteElo "2077"]
[BlackElo "2265"]

1. d4 Nf6 2. c4 e6 3. g3 Bb4+ 4.
Bd2 Be7 5. Bg2 d5 6. Nf3 O-O 7. O-O c6 8. Qc2 Nbd7 9. b3 a5 10. Nc3 b6 11. e4 dxe4 12. Nxe4 Bb7 13. Ne5 Nxe5 14.
dxe5 Nxe4 15. Bxe4 h6 16. Be3 Qc7 17. c5 b5 18. f4 b4 19. a3 Ba6 20. Rfd1 bxa3 21. Rxa3 Bb5 22. Rda1 f6 23.
Qc3 fxe5 24. fxe5 Bd8 25. Qd4 Qf7 26. R3a2 Bc7 27. Rf2 Qe7 28. Bc2 Rxf2 29. Kxf2 Qf7+ 30. Kg1 Qf3 31. Re1 Rf8 32.
Qd7 Bf1 33. Qd2 Bh3 34. Qf2 Bxe5 35. Qxf3 Rxf3 36. Be4 Rxe3 37. Rxe3 Bd4 38. Kf2 Bxc5 39. Bxc6 Bg4 40. Bg2 Bxe3+ 41. Kxe3 Bd1 0-1

[Event "Schack-SM 2023: Mastarklassen"]
[Site "Helsingborg Arena, Mellersta Stenbocksgatan 14, Helsingborg, Sweden"]
[Date "2023.07.09"]
[Round "9.5"]
[White "Frisk, Ellinor"]
[Black "Liden, Tommy"]
[Result "1-0"]
[TimeControl "90 minutes for 40 moves + 30 minutes for the rest of games + 30 seconds per move from move one."]
[WhiteTitle "WIM"]
[WhiteElo "2178"]
[BlackElo "2107"]

1. c4 e6 2. Nc3 d5 3. d4 c6 4. e3 f5 5. Bd3 Nf6 6. f3 Bd6 7. Nge2 O-O 8. Qc2 Na6 9. a3 Nc7 10.
c5 Be7 11. b4 Qe8 12. O-O Bd7 13. Bd2 Qh5 14. Nf4 Qh6 15. e4 g5 16. Nh3 f4 17. e5 Nh5 18. Nf2 Ng7 19. Ng4 Qh5 20. g3 Nf5 21. Ne2 fxg3 22. hxg3 Qh3 23. Nf2 Qh6 24.
Kg2 Qg7 25. Rh1 Be8 26. a4 Bg6 27. b5 Qf7 28. f4 gxf4 29. Bxf4 Ne3+ 30. Bxe3 Qf3+ 31. Kh3 Qxe3 32. Bxg6 Rxf2 33. Bxh7+ Kh8 34. Qg6 Rf5 35. Raf1 Rg5 36. Qc2 cxb5 37.
Kg2 Rf8 38. Bg8+ 1-0

[ePGN "0.1;DGT LiveChess/2.2.5"]

[Event "Schack-SM 2023: Sverigemastarklassen"]
[Site "Helsingborg Arena, Mellersta Stenbocksgatan 14, Helsingborg, Sweden"]
[Date "2023.07.09"]
[Round "9.1"]
[White "Seo, Jung Min"]
[Black "Hillarp Persson, Tiger"]
[Result "0-1"]
[TimeControl "90 minutes for 40 moves + 30 minutes for the rest of the game + 30 seconds per move from move one."]
[WhiteTitle "IM"]
[BlackTitle "GM"]
[WhiteFideId "1734687"]
[BlackFideId "1700812"]
[WhiteElo "2469"]
[BlackElo "2493"]

1. e4 c5 2. Nf3 d6 3. d4 cxd4 4. Nxd4 Nf6 5. Nc3 a6 6. h3 e6 7. g4 h6 8. Bg2 Be7 9. Be3 Nc6 10. f4 Qc7 11. Qd3 Nxd4 12.
Qxd4 e5 13. Qd2 b5 14. O-O-O b4 15. Ne2 a5 16. Kb1 O-O 17. Ng3 a4 18. Nf5 Bxf5 19. exf5 b3 20. cxb3 axb3 21. Rc1 Qb8 22.
a3 d5 23. fxe5 Qxe5 24. Qd4 Qb8 25. Rc6 Re8 26. Rg1 Qb5 27. Rb6 Qe2 28. Rxb3 Rab8 29. Rxb8 Rxb8 30. Bf4 Bc5 31. Qd2 Qxd2 0-1

[Event "Schack-SM 2023: Junior-SM"]
[Site "Helsingborg Arena, Mellersta Stenbocksgatan 14, Helsingborg, Sweden"]
[Date "2023.07.09"]
[Round "9.3"]
[White "Carlsson, Ludvig"]
[Black "Strom-Engdahl, Alexander"]
[Result "1-0"]
[TimeControl "90 minutes for 40 moves + 30 minutes for the rest of the game + 30 seconds per move from move one."]
[WhiteTitle "IM"]
[WhiteElo "2373"]
[BlackElo "2120"]

1. d4 Nf6 2. c4 e6 3. g3 d5 4. Bg2 dxc4 5. Nf3 c5 6. O-O Nc6 7. dxc5 Qxd1 8. Rxd1 Bxc5 9. Nbd2 c3 10.
bxc3 O-O 11. Nb3 Be7 12. Nfd4 Bd7 13. Nb5 Rfd8 14. Be3 Be8 15. Rxd8 Bxd8 16. Nd6 Bb6 17. Bxb6 axb6 18. Nxb7 Ra3 19.
Nd6 Na5 20. Nxa5 Rxa5 21. Nc4 Ra6 22. Bb7 Ra7 23. Bf3 Ra6 24. Nd6 b5 25. Nxe8 Nxe8 26. Rb1 Nd6 27. c4 Nxc4 28. Rxb5 g6 29. Rb8+ Kg7 30. Ra8 Rb6 31.
a4 Nd2 32. Kg2 Rb3 33. Bc6 Rb6 34. Be8 Ne4 35. Bb5 Nc3 36. Bd3 e5 37. a5 Rb2 38. Rc8 Nd5 39. a6 Ra2 40. Bc4 Nb6 41.
Bxa2 Nxc8 42. Kf3 f5 43. Be6 Na7 44. e4 Kf6 45. exf5 gxf5 46. Bd7 1-0

[Event "Schack-SM 2023: Mastarklassen"]
[Site "Helsingborg Arena, Mellersta Stenbocksgatan 14, Helsingborg, Sweden"]
[Date "2023.07.09"]
[Round "9.6"]
[White "Troberg Eskola, Love"]
[Black "Mashhadi, Peyman"]
[Result "0-1"]
[TimeControl "90 minutes for 40 moves + 30 minutes for the rest of games + 30 seconds per move from move one."]
[WhiteElo "2038"]
[BlackElo "2117"]

1. Nf3 Nf6 2. c4 g6 3. Nc3 Bg7 4. e4 d6 5. d4 O-O 6. Be2 Na6 7. O-O e5 8. Be3 Ng4 9. Bg5 f6 10.
Bc1 Nh6 11. Re1 c6 12. h3 g5 13. dxe5 dxe5 14. Rb1 Qe7 15. Nd2 Be6 16. a3 Rad8 17. Qc2 Nc7 18. b4 Bc8 19. c5 Ne6 20.
Nc4 Nd4 21. Qa4 Be6 22. Na5 g4 23. hxg4 Nxg4 24. f3 Nh6 25. Bc4 Bxc4 26. Nxc4 Qf7 27. Nd6 Qg6 28. Kf2 f5 29. Bxh6 Qxh6 30.
Qd1 fxe4 31. Ncxe4 Qh4+ 32. Ke3 Qh6+ 33. Kd3 Qe6 34. Rb2 a5 35. bxa5 Qd5 36. Ke3 Rd7 37. Qb1 Kh8 38. Rxb7 Rxb7 39.
Nxb7 Nf5+ 40. Ke2 Qc4+ 41. Kf2 Qd4+ 42. Kf1 Ne3+ 43. Rxe3 Qxe3 44. a6 Qxa3 45. Qb6 Qa1+ 46. Kf2 Qd4+ 47.
Ke2 Qc4+ 48. Ke1 Qc1+ 49. Kf2 Bh6 50. Qxc6 Be3+ 51. Ke2 Bd4 52. Qd6 Qe3+ 53. Kd1 Qg1+ 54. Kc2 Qxg2+ 55. Nd2 Rxf3 56.
Qd8+ Kg7 57. Qd7+ Rf7 58. Qe8 Qg6+ 59. Kc1 Rf1+ 0-1

[Event "Schack-SM 2023: Veteran-SM 65+"]
[Site "Helsingborg Arena, Mellersta Stenbocksgatan 14, Helsingborg, Sweden"]
[Date "2023.07.08"]
[Round "8.4"]
[White "Hedin, Gunnar"]
[Black "Holst, Conny"]
[Result "1/2-1/2"]
[TimeControl "90 minutes for 40 moves + 30 minutes for the rest of games + 30 seconds per move from move one."]
[BlackTitle "FM"]
[WhiteElo "2093"]
[BlackElo "2156"]

1. d4 Nf6 2. c4 e6 3. Nc3 Bb4 4. e3 b6 5. Nge2 Ne4 6. f3 Nxc3 7. bxc3 Bd6 8. e4 c5 9. Be3 Nc6 10.
Ng3 cxd4 11. cxd4 Na5 12. Qa4 Ba6 13. c5 Bxf1 14. Kxf1 bxc5 15. dxc5 Bxg3 16. hxg3 Nc6 17. Kf2 Qf6 18.
Rad1 Rb8 19. Rd2 Rb2 20. Rhd1 O-O 21. Rxb2 Qxb2+ 22. Rd2 Qb7 23. Bf4 e5 24. Be3 h6 25. g4 Rc8 26. Qc4 Rc7 27.
Qc3 Qb4 28. Qxb4 Nxb4 29. a3 Nc6 30. Rb2 Kf8 31. g3 Ke7 32. f4 Rc8 33. Ke2 Kd8 34. Rb7 Rb8 35. Rxb8+ Nxb8 36. Kd3 Kc7 37.
Kc4 Kc6 38. g5 h5 39. f5 g6 40. Bf2 Na6 41. Be3 Nc7 42. Bc1 Ne8 43. Bb2 d6 44. Bc3 a6 45. fxg6 fxg6 46. cxd6 Nxd6+ 47. Kd3 Nf7 48. Bd2 Kb5 49. Bc1 a5 50. Bd2 Nd8 51. Kc3 Ne6 52. Be3 a4 53. Kd3 Nf8 54. Bd2 Nd7 55. Be3 Nb8 56.
Bd2 Nc6 57. Be3 Na5 58. Bd2 Nc4 59. Bb4 Nb2+ 1/2-1/2

[Event "Schack-SM 2023: Veteran-SM 50+"]
[Site "Helsingborg Arena, Mellersta Stenbocksgatan 14, Helsingborg, Sweden"]
[Date "2023.07.08"]
[Round "8.4"]
[White "Nilsson, Patrik 1968"]
[Black "Moborn, Anders"]
[Result "1-0"]
[TimeControl "90 minutes for 40 moves + 30 minutes for the rest of games + 30 seconds per move from move one."]
[WhiteElo "1931"]
[BlackElo "1956"]

1. e4 e6 2. d4 d5 3. Nd2 Nf6 4. e5 Nfd7 5. Bd3 c5 6. c3 Nc6 7. Ngf3 cxd4 8. cxd4 f6 9. exf6 Nxf6 10.
O-O Qb6 11. Re1 Bd6 12. Nf1 O-O 13. b3 Bb4 14. Re2 Bd7 15. Bb2 Rac8 16. Ng3 Rce8 17. h3 Bd6 18. Ne5 Bc8 19. Rc1 Bb8 20.
Bb1 Bd6 21. a3 Qd8 22. Qd3 Qe7 23. Nh5 Ne4 24. Rxe4 dxe4 25. Qxe4 g6 26. Nxg6 Qf7 27. Nxf8 Rxf8 28. Nf6+ Kh8 29.
Rxc6 bxc6 30. Qh4 Be7 31. d5 Qg7 32. Qxh7+ Qxh7 33. Nxh7+ Kg8 34. Nxf8 1-0

[Event "Schack-SM 2023: Mastarklassen"]
[Site "Helsingborg Arena, Mellersta Stenbocksgatan 14, Helsingborg, Sweden"]
[Date "2023.07.08"]
[Round "8.1"]
[White "Lundin, Jan"]
[Black "Joensson, Jacob"]
[Result "1-0"]
[TimeControl "90 minutes for 40 moves + 30 minutes for the rest of games + 30 seconds per move from move one."]
[WhiteTitle "FM"]
[WhiteElo "2203"]
[BlackElo "2039"]

1. e4 e5 2. Nf3 Nc6 3. Nc3 Nf6 4. d4 exd4 5. Nxd4 Be7 6. Nxc6 dxc6 7. Qxd8+ Bxd8 8. Bf4 Be6 9. Be2 Rc8 10.
f3 Nd7 11. g4 g5 12. Bg3 h5 13. gxh5 Bf6 14. f4 gxf4 15. Bxf4 Be5 16. Bxe5 Nxe5 17. Rg1 Ke7 18. Kf2 Rcg8 19.
Rxg8 Rxg8 20. Rg1 Rxg1 21. Kxg1 Kf6 22. h4 Ng4 23. Bd3 Ke5 24. Ne2 c5 25. b3 c6 26. c4 f6 27. Kg2 Nh6 28.
Kg3 Bg4 29. Nf4 Kd4 30. Be2 Bxe2 31. Nxe2+ Kxe4 32. Kf2 b5 33. cxb5 cxb5 34. Nc3+ Kd3 35. Nxb5 Kc2 36. Nxa7 Kb2 37. a4 Kxb3 38. a5 Ka4 39.
a6 Ka5 40. Nb5 Kxa6 41. Nc3 c4 42. Nd5 Ng8 43. Ne3 c3 44. Ke2 Nh6 45. Nd5 Kb5 46. Nxc3+ Kc4 47. Ne4 f5 48. Ke3 Kd5 49. Nf2 Ng4+ 50. Nxg4 1-0

[Event "Schack-SM 2023: Veteran-SM 65+"]
[Site "Helsingborg Arena, Mellersta Stenbocksgatan 14, Helsingborg, Sweden"]
[Date "2023.07.08"]
[Round "8.5"]
[White "Sigeman, Johan"]
[Black "Quinn, David"]
[Result "0-1"]
[TimeControl "90 minutes for 40 moves + 30 minutes for the rest of games + 30 seconds per move from move one."]
[WhiteElo "2052"]
[BlackElo "2006"]

1. Nf3 Nf6 2. g3 g6 3. Bg2 Bg7 4. O-O O-O 5. d4 d6 6. c4 c5 7. b3 Nc6 8. Bb2 Bf5 9. d5 Nb4 10.
Nbd2 Rb8 11. a3 Na6 12. Nh4 Bd7 13. e4 b5 14. Rb1 e5 15. Nhf3 Nc7 16. Ne1 Qe7 17. Nd3 Ng4 18. h3 Nh6 19.
f4 f6 20. Bc3 Nf7 21. f5 Bh6 22. Qe2 Na8 23. fxg6 hxg6 24. Nf3 Nb6 25. Nh4 Kh7 26. Nf2 Ng5 27. cxb5 f5 28. Qd3 f4 29.
g4 Rfc8 30. Nf3 c4 31. bxc4 Nxc4 32. a4 Ne3 33. Rfc1 Rc4 34. Nxg5+ Qxg5 35. Bd2 Rxa4 36. Rc7 Qd8 37. Rbc1 Kg8 38.
Qb3 Bxb5 39. Qc3 Rc4 40. Qa5 Rxc1+ 41. Bxc1 a6 42. Qc3 Nc4 43. Ra7 Bf8 0-1

[Event "Schack-SM 2023: Veteran-SM 50+"]
[Site "Helsingborg Arena, Mellersta Stenbocksgatan 14, Helsingborg, Sweden"]
[Date "2023.07.08"]
[Round "8.5"]
[White "Nurmi, Tommy"]
[Black "Ljung, Rickard"]
[Result "1/2-1/2"]
[TimeControl "90 minutes for 40 moves + 30 minutes for the rest of games + 30 seconds per move from move one."]
[WhiteElo "2010"]
[BlackElo "1939"]

1. Nf3 Nf6 2. b3 g6 3. Bb2 Bg7 4. e3 c5 5. d4 O-O 6. Be2 b6 7. O-O Bb7 8. Nbd2 Na6 9. Re1 Rc8 10.
Rc1 Re8 11. a3 Nb8 12. c4 d6 13. d5 Rc7 14. Qc2 Nbd7 15. Bf1 Nf8 16. Rcd1 e5 17. dxe6 Nxe6 18. e4 Rd7 19. e5 dxe5 20.
Bxe5 Nd4 21. Nxd4 cxd4 22. Bxf6 Bxf6 23. Ne4 Bxe4 1/2-1/2

[Event "Schack-SM 2023: Mastarklassen"]
[Site "Helsingborg Arena, Mellersta Stenbocksgatan 14, Helsingborg, Sweden"]
[Date "2023.07.08"]
[Round "8.2"]
[White "Cederstam, Carl"]
[Black "Frisk, Ellinor"]
[Result "1-0"]
[TimeControl "90 minutes for 40 moves + 30 minutes for the rest of games + 30 seconds per move from move one."]
[WhiteTitle "FM"]
[BlackTitle "WIM"]
[WhiteElo "2196"]
[BlackElo "2178"]

1. c4 c5 2. g3 e5 3. Bg2 Nc6 4. Nc3 g6 5. Nf3 d6 6. a3 Bg7 7. O-O Nge7 8. b4 O-O 9. Rb1 Rb8 10.
d3 b6 11. Ne1 Bb7 12. Nd5 Nxd5 13. cxd5 Ne7 14. Qb3 cxb4 15. axb4 Qd7 16. b5 Rfc8 17. Ba3 Bf8 18. e4 Rc7 19.
Nf3 Rbc8 20. Rfc1 Rxc1+ 21. Rxc1 Rxc1+ 22. Bxc1 a6 23. Ba3 Nc8 24. d4 exd4 25. Nxd4 Bg7 26. Nc6 axb5 27. Qxb5 Qe8 28.
h4 f5 29. exf5 gxf5 30. Qb1 f4 31. gxf4 Qh5 32. Qe4 Qd1+ 33. Kh2 Qg4 34. Bh3 Qxh4 35. Qe8+ Bf8 36. Qe6+ Kh8 37. Bb2+ Bg7 38.
Qe8# 1-0

[Event "Schack-SM 2023: Veteran-SM 65+"]
[Site "Helsingborg Arena, Mellersta Stenbocksgatan 14, Helsingborg, Sweden"]
[Date "2023.07.08"]
[Round "8.6"]
[White "Blomstrom, Lars"]
[Black "Franzen Hogberg, Thomas"]
[Result "1-0"]
[TimeControl "90 minutes for 40 moves + 30 minutes for the rest of games + 30 seconds per move from move one."]
[WhiteElo "2021"]
[BlackElo "1998"]

1. e4 c5 2. Nc3 Nc6 3. Nf3 g6 4. d4 cxd4 5. Nxd4 Bg7 6. Nb3 d6 7. Be2 Nf6 8. O-O O-O 9. Bg5 a6 10.
f4 b5 11. a3 Bb7 12. Kh1 Rc8 13. Bf3 Ba8 14. Qe2 Re8 15. Rad1 Qc7 16. Qf2 Qa7 17. Qh4 Nd7 18. Bh6 Nd8 19.
Bxg7 Kxg7 20. Nd4 e5 21. Nde2 Qc7 22. Bg4 Ne6 23. f5 Nf4 24. Nxf4 exf4 25. f6+ Nxf6 26. Bxc8 Rxc8 27. Qxf4 Ne8 28.
Nd5 Qd8 29. Qxf7+ Kh6 30. Rd3 Ng7 31. Rh3+ Nh5 32. Rxh5+ Kxh5 33. Qxh7+ Kg5 34. h4+ Kg4 35. Ne3+ Kg3 36. Rf3# 1-0

[Event "Schack-SM 2023: Veteran-SM 50+"]
[Site "Helsingborg Arena, Mellersta Stenbocksgatan 14, Helsingborg, Sweden"]
[Date "2023.07.08"]
[Round "8.6"]
[White "Svensson, Hakan"]
[Black "Johansson, Ingemar 1966"]
[Result "0-1"]
[TimeControl "90 minutes for 40 moves + 30 minutes for the rest of games + 30 seconds per move from move one."]
[WhiteElo "2054"]
[BlackElo "1839"]

1. e4 e6 2. d4 d5 3. e5 c5 4. c3 Qb6 5. Nf3 Nc6 6. Be2 cxd4 7. O-O dxc3 8. bxc3 Nge7 9. c4 d4 10. Nbd2 Ng6 11. Rb1 Qc7 12.
Ne4 Ncxe5 13. Nxd4 a6 14. Qa4+ Bd7 15. Qb3 Rb8 16. Ba3 Nf4 17. c5 Nxe2+ 18. Nxe2 Bc6 19. Nd6+ Bxd6 20. cxd6 Qd7 21.
Qg3 Ng6 22. h4 h5 23. Nd4 O-O 24. Rfc1 e5 25. Nxc6 bxc6 26. Rxb8 Rxb8 27. Qf3 Rc8 28. g3 Nf8 29. Qxh5 Qe6 30.
Qe2 a5 31. Qa6 Qd7 32. Qxa5 f6 33. Qc3 Ne6 34. Bc5 Rd8 35. Qc4 Kf7 36. a4 Ra8 37. Ba3 Ra5 38. Qb3 Rd5 39. Bb4 Nd4 40.
Qe3 Qg4 41. Rb1 Nf3+ 42. Kf1 Qh3+ 0-1

[Event "Schack-SM 2023: Mastarklassen"]
[Site "Helsingborg Arena, Mellersta Stenbocksgatan 14, Helsingborg, Sweden"]
[Date "2023.07.08"]
[Round "8.3"]
[White "Nilsson, Patrik 1978"]
[Black "Nygren, David"]
[Result "1/2-1/2"]
[TimeControl "90 minutes for 40 moves + 30 minutes for the rest of games + 30 seconds per move from move one."]
[WhiteElo "2167"]
[BlackElo "2157"]

1. f4 Nh6 2. Nf3 d6 3. g3 e5 4. d3 Nc6 5. Bg2 Bg4 6. e4 d5 7. c3 Bc5 8. h3 dxe4 9. hxg4 exf3 10.
Qxf3 Qd6 11. Nd2 O-O-O 12. Ne4 Qe7 13. f5 Ng8 14. Bg5 f6 15. Bd2 Bb6 16. b4 Qd7 17. a4 Qxd3 18. Qxd3 Rxd3 19.
a5 Be3 20. Ke2 Rxd2+ 21. Nxd2 Bxd2 22. Kxd2 Nce7 23. a6 b6 24. Ke3 Nh6 25. Bb7+ Kb8 26. Bf3 Nc8 27. c4 Nd6 28. Be2 e4 29.
Rad1 Kc8 30. Rd5 Ndf7 31. Kxe4 Re8+ 32. Kd3 Ng5 33. c5 b5 34. c6 Ne4 35. Rh2 Nd6 36. Bf3 Nhf7 37. Kd4 Ng5 38.
Be2 Re4+ 39. Kc3 Re3+ 40. Kc2 Ra3 41. Kb2 Rxa6 42. Bxb5 Rb6 43. Bd3 Rxb4+ 44. Kc3 Rb6 45. Ra2 Rxc6+ 46. Kd4 Nf3+ 47. Ke3 Ne5 48. Rxa7 Kb8 49. Ra4 Rc3 50. Kd2 Rb3 51. Kc2 Rb6 52. Kc3 Rc6+ 53. Kd2 Nf3+ 54. Ke2 Ne5 55.
Rda5 Rc3 56. Rb4+ Kc8 57. Rd4 Rb3 58. Ra8+ Kd7 59. Rg8 c5 60. Rxg7+ Kc6 61. Be4+ Nxe4 62. Rxe4 Kd5 63. Ra4 Rxg3 64.
Rxh7 c4 65. Ra6 Nxg4 66. Rg7 c3 67. Ra4 c2 68. Rc7 Ne3 69. Ra8 Ke4 70. Re8+ Kf4 71. Re6 Rg2+ 72. Kd3 Nd5 73. Re4+ Kxf5 74.
Rc5 Rg3+ 75. Kd4 Rc3 76. Rxd5+ Kg6 77. Re1 c1=Q 78. Rxc1 Rxc1 79. Ke3 Rf1 80. Ke2 Rf4 81. Rd3 Kg5 82.
Ra3 Kh4 83. Rb3 Kg4 84. Ra3 f5 85. Rb3 1/2-1/2

[Event "Schack-SM 2023: Mastarklassen"]
[Site "Helsingborg Arena, Mellersta Stenbocksgatan 14, Helsingborg, Sweden"]
[Date "2023.07.08"]
[Round "8.4"]
[White "Sundin, Emanuel"]
[Black "Jogstad, Daniel"]
[Result "1-0"]
[TimeControl "90 minutes for 40 moves + 30 minutes for the rest of games + 30 seconds per move from move one."]
[BlackTitle "CM"]
[WhiteElo "2103"]
[BlackElo "2131"]

1. e4 c5 2. Nf3 e6 3. Nc3 Nc6 4. Bb5 Nge7 5. d4 cxd4 6. Nxd4 a6 7. Be2 g6 8. Bg5 Bg7 9. Nxc6 dxc6 10.
Qxd8+ Kxd8 11. O-O-O+ Ke8 12. Na4 b5 13. Nc5 h6 14. Bf4 g5 15. Bc7 Ng6 16. g3 Be5 17. Ba5 Ke7 18. Rd2 Bd6 19.
Nb3 Ra7 20. Rhd1 Rd7 21. Rxd6 Rxd6 22. Bb4 Rhd8 23. Na5 1-0

[Event "Schack-SM 2023: Mastarklassen"]
[Site "Helsingborg Arena, Mellersta Stenbocksgatan 14, Helsingborg, Sweden"]
[Date "2023.07.08"]
[Round "8.5"]
[White "Mashhadi, Peyman"]
[Black "Mardell, Jimmy"]
[Result "0-1"]
[TimeControl "90 minutes for 40 moves + 30 minutes for the rest of games + 30 seconds per move from move one."]
[WhiteElo "2117"]
[BlackElo "2160"]

1. e4 c5 2. Nf3 e6 3. d4 cxd4 4. Nxd4 Nc6 5. Nb5 d6 6. c4 a6 7. N5c3 Nf6 8. Be2 Be7 9. O-O O-O 10.
Be3 b6 11. Nd2 Bb7 12. Na4 Nd7 13. f4 Nc5 14. Bf3 Qc7 15. Nc3 Bf6 16. Nb3 Rfd8 17. Qe2 Rac8 18. Rad1 Nb4 19. Nd4 Nc6 20.
Qf2 Nxd4 21. Bxd4 Bxd4 22. Rxd4 e5 23. fxe5 dxe5 24. Rxd8+ Rxd8 25. Nd5 Bxd5 26.
cxd5 Nd3 27. Qd2 Qc5+ 28. Kh1 Qd4 29. Qc2 Rf8 30. Bg4 g6 31. h3 h5 32. Bf3 Nxb2 33. Rb1 Nc4 34. Rd1 Ne3 35. Rxd4 Nxc2 36. Rc4 Nd4 37. Rc7 Rd8 38. Bd1 Kf8 39. Bb3 f5 40. exf5
gxf5 41. Rb7 e4 42. Rxb6 e3 43. Kg1 Rc8 44. d6 e2 45. Kf2 Rc1 46. Rb8+ Kg7 47. Rg8+ Kf6 48. Rf8+ Kg5 49. Rg8+ Kh4 0-1

[Event "Schack-SM 2023: Mastarklassen"]
[Site "Helsingborg Arena, Mellersta Stenbocksgatan 14, Helsingborg, Sweden"]
[Date "2023.07.08"]
[Round "8.6"]
[White "Nylen, Anders"]
[Black "Liden, Tommy"]
[Result "0-1"]
[TimeControl "90 minutes for 40 moves + 30 minutes for the rest of games + 30 seconds per move from move one."]
[WhiteElo "2094"]
[BlackElo "2107"]

1. d4 d5 2. c4 e6 3. Nc3 c6 4. Nf3 dxc4 5. a4 Bb4 6. e3 b5 7. Bd2 a5 8. axb5 Bxc3 9. Bxc3 cxb5 10.
b3 Bb7 11. bxc4 b4 12. Bb2 Nf6 13. Be2 Nbd7 14. O-O O-O 15. Qb3 Bc6 16. Qa2 a4 17. Rac1 Qb6 18. Nd2 Rfb8 19. Bd1 Ne4 20.
d5 Nxd2 21. Bd4 Nc5 22. Qxd2 Bd7 23. e4 f6 24. Qe3 Rc8 25. Bg4 Ra5 26. Qh3 Re8 27. Qh5 Qd8 28. Rcd1 e5 29. Bxc5 Rxc5 30.
Be6+ Bxe6 31. dxe6 Qe7 32. Rd7 Qxe6 33. Rfd1 Rxc4 34. h3 Rd4 35. R7xd4 exd4 36. Rxd4 Rb8 37. Qd1 b3 38. Rd8+ Rxd8 39.
Qxd8+ Kf7 40. Qc7+ Kf8 41. Qb8+ Qe8 42.
Qb4+ Kg8 43. f4 h6 44. Kh2 Kh7 45. Kg3 Qc6 46. f5 Qc1 47. Qxa4 b2 48. Qe8 Qg5+ 0-1

[Event "Schack-SM 2023: Mastarklassen"]
[Site "Helsingborg Arena, Mellersta Stenbocksgatan 14, Helsingborg, Sweden"]
[Date "2023.07.08"]
[Round "8.7"]
[White "Franzen, Per-Erik"]
[Black "Troberg Eskola, Love"]
[Result "0-1"]
[TimeControl "90 minutes for 40 moves + 30 minutes for the rest of games + 30 seconds per move from move one."]
[WhiteElo "2025"]
[BlackElo "2038"]

1. Nf3 d6 2. c4 g6 3. d4 f5 4. g3 Nf6 5. Bg2 Bg7 6. O-O O-O 7. Nc3 Nc6 8. d5 Ne5 9. Qc2 Nxc4 10.
Nb5 a6 11. Qxc4 axb5 12. Qxb5 Ne4 13. Be3 c6 14. dxc6 bxc6 15. Qxc6 Rb8 16. Bd4 Bxd4 17. Nxd4 Rxb2 18. Bxe4 fxe4 19.
Qd5+ Rf7 20. Qxe4 Bb7 21. Qe6 Qb6 22. e3 Ba6 23. Rac1 Bxf1 24. Rxf1 Qa6 25. Rc1 Rbxf2 0-1

[ePGN "0.1;DGT LiveChess/2.2.5"]

[Event "Schack-SM 2023: Junior-SM"]
[Site "Helsingborg Arena, Mellersta Stenbocksgatan 14, Helsingborg, Sweden"]
[Date "2023.07.08"]
[Round "8.1"]
[White "Strom-Engdahl, Alexander"]
[Black "Joensson, Oscar"]
[Result "1/2-1/2"]
[TimeControl "90 minutes for 40 moves + 30 minutes for the rest of the game + 30 seconds per move from move one."]
[WhiteElo "2120"]
[BlackElo "2077"]

1. e4 c6 2. d4 d5 3. e5 c5 4. dxc5 e6 5. a3 Bxc5 6. Qg4 Ne7 7. Nf3 Ng6 8. Bd3 Nc6 9. O-O O-O 10.
Qh5 Nd4 11. Nxd4 Bxd4 12. c3 Bb6 13. Nd2 Bd7 14. Nf3 Qe8 15. a4 Bxa4 16. Ng5 h6 17. Nxf7 Qxf7 18. Bxg6 Bxf2+ 19. Kh1 Qd7 20.
Bxh6 gxh6 21. Qg4 Bc6 22. Be8+ Qg7 23. Qxe6+ Kh7 24. Bxc6 bxc6 25. Qxc6 Rae8 26. e6 d4 27. Qe4+ Kh8 28.
cxd4 Bxd4 29. Rxf8+ Rxf8 30. Rd1 Bxb2 31. e7 Re8 32. Rd8 Qf7 33. Rxe8+ Qxe8 34. Qe3 Kg7 35. Qg3+ Kh7 36. Qd3+ Kg7 37.
Qg3+ Kh8 38. Qd6 Kg8 39. Qe6+ Kg7 40. Qe3 Bf6 41. Qxa7 Qxe7 42. Qxe7+ Bxe7 43. g4 Kg6 44. Kg2 Kg5 45.
Kh3 Bd6 46. Kg2 Kh4 47. Kh1 Kh3 48. Kg1 Bc5+ 49. Kh1 Bf2 50. g5 hxg5 1/2-1/2

[Event "Schack-SM 2023: Mastarklassen"]
[Site "Helsingborg Arena, Mellersta Stenbocksgatan 14, Helsingborg, Sweden"]
[Date "2023.07.08"]
[Round "8.8"]
[White "Persson, Lars 1971"]
[Black "Soppela, Toni"]
[Result "1-0"]
[TimeControl "90 minutes for 40 moves + 30 minutes for the rest of games + 30 seconds per move from move one."]
[WhiteElo "1941"]
[BlackElo "2032"]

1. d4 Nf6 2. Nf3 c5 3. c3 d5 4. g3 Bf5 5. Bg2 e6 6. O-O Bd6 7. Nh4 Bg4 8. Nd2 cxd4 9. cxd4 Nc6 10.
Nhf3 O-O 11. Nb3 Qb8 12. Be3 a5 13. Rc1 a4 14. Nc5 a3 15. bxa3 h6 16. a4 Rc8 17. Qb3 Na5 18. Qb5 b6 19.
Nd7 Nxd7 20. Qxd7 Nc4 21. Rb1 Ra5 22. Nd2 Rc7 23. Nxc4 Rxd7 24. Nxa5 Qa8 25. Nb3 Bxe2 26. Rfe1 Bc4 27. Nd2 Bd3 28. Rb3 Qa6 29. Nf3 Bc4 30.
Rb2 Ba3 31. Rbb1 Rc7 32. Bf4 Rc8 33. Nd2 Qa5 34. Nb3 Qxa4 35. Bf3 Bb4 36. Rec1 Qxa2 37. Bd1 Qa6 38. Ra1 Qb7 39. Ra4 Qe7 40.
Nd2 b5 41. Ra6 Ba3 42. Ra1 b4 43. Rb6 Bb2 44. Rb1 Bc3 45. Nxc4 dxc4 46. Bf3 Qa7 47. Rb7 Qa2 48. Rd1 Qb2 49.
d5 e5 50. Be3 Bd4 51. d6 Rd8 52. d7 c3 53. Bxd4 exd4 54. Re1 Kh7 55. Re8 Rxd7 56. Rxd7 Qb1+ 57. Kg2 f5 58. Bh5 Qa2 59.
Rdd8 1-0

[Event "Schack-SM 2023: Junior-SM"]
[Site "Helsingborg Arena, Mellersta Stenbocksgatan 14, Helsingborg, Sweden"]
[Date "2023.07.08"]
[Round "8.2"]
[White "Ostlund, Joar"]
[Black "Seo, Jung Hyun"]
[Result "1-0"]
[TimeControl "90 minutes for 40 moves + 30 minutes for the rest of the game + 30 seconds per move from move one."]
[WhiteTitle "CM"]
[WhiteElo "2265"]
[BlackElo "2124"]

1. d4 Nf6 2. c4 e6 3. g3 c5 4. d5 d6 5. Bg2 exd5 6. cxd5 g6 7. Nc3 Bg7 8. Nf3 O-O 9. O-O Re8 10.
Nd2 Bg4 11. h3 Bd7 12. Nc4 Bf8 13. a4 Na6 14. Bf4 Qb8 15. Re1 Nh5 16. Bd2 b5 17. axb5 Bxb5 18. Na5 Bd7 19. g4 Ng7 20.
Nc6 Bxc6 21. dxc6 Nc7 22. Ne4 Rxe4 23. Bxe4 f5 24. gxf5 gxf5 25. Bg2 Qxb2 26. Rb1 Qe5 27. Ba5 Nge6 28.
Qb3 Kh8 29. Bc3 Nd4 30. Qf7 Qg7 31. Bxd4 cxd4 32. Qxg7+ Kxg7 33. Rb7 Rc8 34. Ra1 d5 35. Raxa7 Bd6 36. Bxd5 Kf6 37. Bc4 Kg5 38.
Ra5 Rf8 39. Bd3 h5 40. Bc2 Kf4 41. Rb3 Kg5 42. Rf3 Kh6 43. Rfxf5 d3 44. Bxd3 Rd8 45. Rxh5+ Kg7 46. Rag5+ Kf7 47. Rh7+ Kf6 48. Rg6+ Ke5 49.
Rd7 Rb8 50. Rdxd6 Ne8 51. Rge6+ Kf4 52. Rd4+ Kg5 53. Rg4+ Kh5 54. Re5+ Kh6 55. Rg6+ Kh7 56. Rh5# 1-0